 Dungeon Crawl Stone Soup version 0.27.0-1-g7a089689b8 (webtiles) character file.

Game seed: 2961655984870680381

960 GnoME the Skirmisher (level 8, 0/52 HPs)
             Began as a Gargoyle Fighter on Aug 7, 2021.
             Slain by a hornet zombie (4 damage)
             ... on level 6 of the Dungeon.
             The game lasted 00:10:54 (5866 turns).

GnoME the Skirmisher (Gargoyle Fighter)             Turns: 5866, Time: 00:10:55

Health: 0/52       AC: 17    Str: 20 (23) XL:     8   Next: 14%
Magic:  8/8        EV:  4    Int:  8      God:
Gold:   90         SH:  9    Dex:  9      Spells: 7/7 levels left

rFire    . . .     SeeInvis .   a - +0 war axe
rCold    . . .     Faith    .   c - +0 kite shield
rNeg     + . .     Spirit   .   s - +0 plate armour
rPois    ∞         Reflect  .   (no helmet)
rElec    +         Harm     .   (no cloak)
rCorr    .         Rampage  .   (no gloves)
Will     .....                  (no boots)
Stlth    ..........             (no amulet)
HPRegen  0.17/turn              (no ring)
MPRegen  0.11/turn              (no ring)

@: brilliant, on berserk cooldown, hasted and slowed
A: sickness immunity, AC +5, negative energy resistance 1, electricity
resistance, torment resistance 1, petrification resistance
a: no special abilities


You were on level 6 of the Dungeon.
You visited 1 branch of the dungeon, and saw 6 of its levels.
You also visited: Ossuary.

You collected 120 gold pieces.
You spent 30 gold pieces at shops.

Inventory:

Hand Weapons
 a - a +0 war axe (weapon)
Armour
 c - a +0 kite shield (worn)
 s - a +0 plate armour (worn)
   (You took it off an orc warrior on level 7 of the Dungeon)
Jewellery
 b - a ring of magical power
   (You found it on level 6 of the Dungeon)
Wands
 n - a wand of iceblast (5)
   (You took it off an orc on level 7 of the Dungeon)
Scrolls
 e - a scroll of magic mapping {unknown}
 g - a scroll of enchant weapon {unknown}
 i - a scroll of amnesia {unknown}
 k - 6 scrolls of identify {unknown}
 m - a scroll of immolation {unknown}
 q - 2 scrolls of teleportation {unknown}
Potions
 j - 4 potions of brilliance
 p - a potion of berserk rage
 r - a potion of mutation {unknown}


   Skills:
 * Level 6.7 Fighting
 * Level 5.0 Axes
 + Level 5.2 Armour
 + Level 5.1 Shields


You had 7 spell levels left.
You didn't know any spells.
Your spell library contained the following spells:

 Spells                   Type           Power      Damage    Failure   Level
 Corpse Rot               Necr/Air       N/A        N/A       100%        2
 Poisonous Vapours        Pois/Air       0%         N/A       100%        2
 Freezing Cloud           Conj/Ice/Air   0%         6-21      100%        5


Dungeon Overview and Level Annotations

Branches:
Dungeon (7/15)            Ossuary (visited)
 Temple: D:4-7

Altars:
Nemelex Xobeh
Qazlal

Shops:
D:2 =   D:3 *


Innate Abilities, Weirdness & Mutations

You are immune to sickness and miasma.
Your stone body is resilient. (AC +5)
You are immune to poison.
You resist negative energy. (rN+)
You are resistant to electric shocks. (rElec)
You are resistant to unholy torment.
You are immune to petrification.


Message History

The wyvern bites you but does no damage.
You take 5 damage, and have 37/47 hp.
You slash the wyvern!
The wyvern is moderately wounded.
You block the wyvern's attack. The wyvern bites you.
You slash the wyvern!
The wyvern is severely wounded.
The wyvern bites you. x2
A hornet zombie comes into view.
The wyvern completely misses you.
You take 9 damage, and have 28/47 hp.
You hit the wyvern.
The wyvern is almost dead.
The wyvern bites you.
The wyvern bites you but does no damage.
You take 5 damage, and have 23/47 hp.
You closely miss the wyvern.
The wyvern is almost dead.
The wyvern bites you but does no damage.
You block the wyvern's attack.
You closely miss the wyvern.
The wyvern is almost dead.
The wyvern bites you but does no damage.
The wyvern bites you!
You take 6 damage, and have 17/47 hp.
You hit the wyvern.
The wyvern is almost dead.
The wyvern bites you.
* * * LOW HITPOINT WARNING * * *
The wyvern bites you but does no damage.
You take 4 damage, and have 13/47 hp.
You slash the wyvern!
You kill the wyvern!
You feel your dexterity returning.
Your Armour skill increases to level 5!
Your Shields skill increases to level 5!
You have reached level 8!
You feel stronger. MP restored: 8 The scorpion stings you!
* * * LOW HITPOINT WARNING * * *
You take 6 damage, and have 8/52 hp.
It was a potion of brilliance.
You feel clever all of a sudden. You block the scorpion's attack. x2
It was a potion of haste.
You feel yourself speed up.
The scorpion stings you but does no damage.
It was a potion of lignification.
You turn into a tree.
Your +0 plate armour melds into your body.
Your roots penetrate the ground.
The scorpion stings you but does no damage.
You now have 14/78 hp.
You barely miss the scorpion.
The scorpion stings you but does no damage.
You hit the scorpion.
The scorpion is moderately wounded.
You block the scorpion's attack.
You hit the scorpion but do no damage.
The scorpion is moderately wounded.
The scorpion stings you.
* * * LOW HITPOINT WARNING * * *
You take 5 damage, and have 9/78 hp.
You barely miss the scorpion.
The scorpion is moderately wounded.
You block the scorpion's attack.
You hit the scorpion but do no damage.
The scorpion is moderately wounded.
The scorpion stings you but does no damage.
You hit the scorpion but do no damage.
The scorpion is moderately wounded.
The scorpion stings you but does no damage.
You barely miss the scorpion.
The scorpion is moderately wounded.
You block the scorpion's attack. The scorpion stings you.
* * * LOW HITPOINT WARNING * * *
You take 3 damage, and have 7/78 hp.
You closely miss the scorpion.
The scorpion is moderately wounded.
You block the scorpion's attack.
It was a potion of berserk rage.
A red film seems to cover your vision as you go berserk!
You feel yourself moving faster!
You feel mighty!
You now have 11/117 hp.
You closely miss the scorpion.
The scorpion is moderately wounded.
The scorpion stings you but does no damage.
The scorpion stings you.
* * * LOW HITPOINT WARNING * * *
You take 2 damage, and have 9/117 hp.
You completely miss the scorpion.
The scorpion is moderately wounded.
The scorpion barely misses you.
You hit the scorpion.
The scorpion is heavily wounded.
The scorpion stings you.
* * * LOW HITPOINT WARNING * * *
You take 1 damage, and have 8/117 hp.
You barely miss the scorpion.
The scorpion is moderately wounded.
The scorpion stings you.
* * * LOW HITPOINT WARNING * * *
The scorpion stings you but does no damage.
You take 3 damage, and have 5/117 hp.
You slice the scorpion!!
You kill the scorpion!
You feel your intelligence returning.
Your Axes skill increases to level 5!
You slash the hornet zombie!
The hornet zombie is lightly damaged.
The hornet zombie hits you but does no damage.
You hit the hornet zombie.
The hornet zombie is moderately damaged.
You block the hornet zombie's attack.
You slash the hornet zombie!
The hornet zombie is heavily damaged.
You block the hornet zombie's attack. The hornet zombie barely misses you.
You slice the hornet zombie!!
The hornet zombie is almost destroyed.
Your transformation is almost over.
You block the hornet zombie's attack.
You hit the hornet zombie.
The hornet zombie is almost destroyed.
The hornet zombie hits you but does no damage.
You completely miss the hornet zombie.
The hornet zombie is almost destroyed.
You are no longer berserk.
You are exhausted.
You feel yourself slow down.
The hornet zombie hits you but does no damage. x2
You now have 4/78 hp.
You closely miss the hornet zombie.
The hornet zombie is almost destroyed.
You block the hornet zombie's attack.
You hit the hornet zombie.
The hornet zombie is almost destroyed.
You block the hornet zombie's attack.
The hornet zombie hits you but does no damage.
You hit the hornet zombie but do no damage.
The hornet zombie is almost destroyed.
The hornet zombie hits you but does no damage. x2
You barely miss the hornet zombie.
The hornet zombie is almost destroyed.
You block the hornet zombie's attack.
The hornet zombie hits you but does no damage.
You closely miss the hornet zombie.
The hornet zombie is almost destroyed.
You feel less wooden.
Your +0 plate armour unmelds from your body.
The hornet zombie hits you.
You die...

. .. ###.. #########
##....! #.......# #.....
#.#####.##############..#
#.# #....@Z...........#
#.# ###############...#
#.# #....... #.# ##..##..
#.# #s.# # #.# #..# #.#
...# #.# #... #)# ####


You could see a hornet zombie.

Vanquished Creatures
  A wyvern (D:6)
  Edmund (D:6)
  An orc warrior (D:7)
  2 scorpions
  2 howler monkeys (D:7)
  A bullfrog zombie (D:6)
  An orc priest (D:7)
  A hound (D:3)
  An orc wizard (D:6)
  14 mummies (Ossuary)
  3 adders (D:2)
  A worm (D:2)
  A dart slug (D:3)
  6 orcs
  4 bats
  10 endoplasms
  3 giant cockroaches (D:1)
  A goblin (D:1)
  4 hobgoblins
  9 jackals
  3 kobolds
  3 quokkas (D:1)
  9 ball pythons
  4 frilled lizards
  3 gnoll skeletons (Ossuary)
  2 goblin skeletons (Ossuary)
  2 kobold skeletons (Ossuary)
  An orc skeleton (Ossuary)
  6 rats
  11 rat skeletons (Ossuary)
111 creatures vanquished.

Vanquished Creatures (others)
  A plant (D:3)
1 creature vanquished.

Grand Total: 112 creatures vanquished

Notes
Turn   | Place    | Note
-------+----------+-------------------------------------------
     0 | D:1      | GnoME the Gargoyle Fighter began the quest for the Orb.
     0 | D:1      | Reached XP level 1. HP: 14/14 MP: 1/1
   182 | D:1      | Reached XP level 2. HP: 19/19 MP: 2/2
   929 | D:1      | Reached XP level 3. HP: 21/24 MP: 3/3
  1362 | D:2      | Found a faded altar of an unknown god.
  1648 | D:2      | Reached skill level 4 in Fighting
  1754 | D:2      | Reached XP level 4. HP: 29/29 MP: 4/4
  2381 | D:2      | Found Qigorim's Jewellery Emporium.
  2535 | D:3      | Found a sparkling altar of Nemelex Xobeh.
  2779 | D:3      | Found a stormy altar of Qazlal.
  2783 | D:3      | Noticed a scorpion
  2791 | D:3      | Killed a scorpion
  2792 | D:3      | Reached XP level 5. HP: 12/34 MP: 5/5
  3124 | D:3      | Found Vezoi's Assorted Antiques.
  3131 | D:3      | Bought a scroll labelled ANOFIATIEL for 30 gold pieces
  3626 | D:4      | You fall into a shaft and drop 3 floors!
  3663 | D:7      | Reached skill level 5 in Fighting
  3663 | D:7      | Reached XP level 6. HP: 30/40 MP: 6/6
  3730 | D:7      | Found a sand-covered staircase.
  3737 | Ossuary  | Entered an ossuary
  5003 | Ossuary  | Reached XP level 7. HP: 26/44 MP: 7/7
  5394 | D:6      | Reached skill level 6 in Fighting
  5583 | D:6      | Noticed Edmund
  5633 | D:6      | Killed Edmund
  5818 | D:6      | Noticed a wyvern
  5832 | D:6      | Killed a wyvern
  5833 | D:6      | Reached skill level 5 in Armour
  5833 | D:6      | Reached skill level 5 in Shields
  5833 | D:6      | Reached XP level 8. HP: 14/52 MP: 8/8
  5854 | D:6      | HP: 5/117 [scorpion (4)]
  5856 | D:6      | Reached skill level 5 in Axes
  5866 | D:6      | Slain by a hornet zombie

Illustrated notes

Levels and vault maps discovered:
D:1:      dpeg_arrival_circle_labyrinth_c, layout_basic, st_stairs_14,
          chequers_serial_rivers_room_a
D:2:      layout_rooms, chequers_ecumenical_altar_simple_redux, serial_shops,
          nicolae_shop_waterfront, hangedman_decor_push,
          minmay_misc_feat_four_crosses
D:3:      layout_basic, nemelex_xobeh_ov_fountains_minmay,
          nicolae_qazlal_scattered_showers, serial_shops,
          nicolae_shop_overgrown_old_shop, chequers_big_river
D:4:      layout_loops_ring, temple_doors_e, uniq_natasha
D:6:      layout_loops_ring, amethyst_overflow_temple_binary,
          uniq_blork_the_orc, uniq_edmund, uniq_maggie
D:7:      layout_loops_cross, marbit_many_paths, chequers_ossuary_entry_cave

Skill      XL: |  1  2  3  4  5  6  7  8 |
---------------+-------------------------+-----
Axes           | 2 3 4 5 |  5.0
Fighting       | 4 5 6 |  6.7
Armour         | 4 5 |  5.2
Shields        | 4 5 |  5.1

Action                   |  1- 3 |  4- 6 |  7- 9 || total
-------------------------+-------+-------+-------++-------
Melee: War axe           |   129 |   252 |    86 ||   467
  Use: Potion            |       |     2 |     8 ||    10
 Stab: Invisible         |       |       |     4 ||     4
Armor: Scale mail        |    47 |       |       ||    47
       Chain mail        |    45 |   111 |     9 ||   165
       Plate armour      |       |       |    41 ||    41
       Skin              |       |       |    14 ||    14
Dodge: Dodged            |    46 |    50 |    11 ||   107
Block: Kite shield       |    82 |   121 |    46 ||   249
